 Dungeon Crawl Stone Soup version 0.31.0-9-g3a7656b989 (webtiles) character file.

Game seed: 11615306183610451549

17576 Bnni the Impaler (level 12, -1/91 HPs)
             Began as a Formicid Fighter on Feb 3, 2024.
             Was an Elder of Hepliaklqana.
             Slain by a meliai
             ... wielding a +1 war axe of holy wrath
              (3 damage)
             ... on level 11 of the Dungeon.
             The game lasted 00:29:54 (11141 turns).

Bnni the Impaler (Formicid Fighter)                Turns: 11141, Time: 00:29:54

Health: -1/91      AC: 22    Str: 26    XL:     12   Next: 84%
Magic:  20/20      EV:  4    Int:  8    God:    Hepliaklqana [****..]
Gold:   1573       SH:  5    Dex: 13    Spells: 11/11 levels left

rFire   . . .        A - +0 halberd
rCold   + . .        c - +0 buckler
rNeg    . . .        h - +0 crystal plate armour
rPois   +            (helmet unavailable)
rElec   .            H - +0 cloak
rCorr   .            o - +2 pair of gloves
SInv    +            w - +1 pair of boots "Horecok" {Rampage Regen+ SInv}
Will    +....        m - amulet of magic regeneration Stlth
                     F - ring of protection from cold
HPRegen 1.15/turn    C - ring of poison resistance
MPRegen 0.57/turn

%: rampage
@: studying 3 skills
A: reduced essence, permanent stasis, dig shafts and tunnels, antennae 3, four
strong arms
a: Dig, Shaft Self, Renounce Religion, Recall Ancestor, Ancestor Identity,
Transference, Idealise


You were on level 11 of the Dungeon.
You worshipped Hepliaklqana.
Hepliaklqana was greatly pleased with you.
You visited 1 branch of the dungeon, and saw 11 of its levels.
You also visited: Sewer.

You collected 1599 gold pieces.
You spent 26 gold pieces at shops.

Inventory:

Hand Weapons
 A - a +0 halberd (weapon)
Missiles
 s - 40 poisoned darts
Armour
 c - a +0 buckler (worn)
 h - a +0 crystal plate armour (worn)
 o - a +2 pair of gloves (worn)
 q - the +2 pair of boots of Beogh's Outrage {rC+ Str+2}
   (You acquired it on level 6 of the Dungeon)

   Str+2:     It affects your strength (+2).
   rC+:       It protects you from cold.
 w - the +1 pair of boots "Horecok" (worn) {Rampage Regen+ SInv}
   (You acquired it on level 6 of the Dungeon)

   SInv:      It lets you see invisible.
   Regen+:    It increases your rate of health regeneration.
   Rampage:   It bestows one free step when moving towards enemies.
 H - a +0 cloak (worn)
Jewellery
 m - an amulet of magic regeneration (around neck)
 C - a ring of poison resistance (right hand)
 F - a ring of protection from cold (left hand)
 G - an amulet of reflection
Wands
 a - a wand of iceblast (8)
 n - a wand of charming (1)
 v - a wand of polymorph (16)
 y - a wand of digging (12)
 z - a wand of flame (27)
 E - a wand of mindburst (18)
Scrolls
 b - 2 scrolls of enchant armour
 e - 4 scrolls of revelation
 f - 8 scrolls of teleportation {unknown}
 i - 6 scrolls of enchant weapon
 k - 2 scrolls of vulnerability
 l - a scroll of torment
 B - a scroll of amnesia
 D - a scroll of fog {unknown}
Potions
 d - 4 potions of might
 g - a potion of enlightenment
 j - 2 potions of lignification
 r - a potion of cancellation {unknown}
 t - 3 potions of attraction
 u - 2 potions of resistance
 x - 2 potions of heal wounds {unknown}


   Skills:
 + Level 11.8 Fighting
 * Level 15.7 Polearms
 - Level 3.2 Armour
 - Level 4.0 Shields
 + Level 11.5 Invocations


You had 11 spell levels left.
You didn't know any spells.
Your spell library contained the following spells:

 Spells                   Type           Power      Damage    Failure   Level
 Foxfire                  Conj/Fire      0%         2x1d4     100%        1
 Inner Flame              Hex/Fire       0%         N/A       100%        3
 Flame Wave               Conj/Fire      0%         2d4       100%        4
 Sticky Flame             Fire/Alch      0%         2d4       100%        4
 Plasma Beam              Fire/Air       0%         2x1d10    100%        6
 Starburst                Conj/Fire      0%         6d3       100%        6


Dungeon Overview and Level Annotations

Branches:
Dungeon (11/15)            Temple (0/1) D:6            Lair (0/5) D:11
  Sewer (visited)
    Orc: D:9-12

Altars:
Ashenzari
Dithmenos
Gozag
Hepliaklqana
Kikubaaqudgha
Nemelex Xobeh
Ru
Sif Muna
Uskayaw
Vehumet
Yredelemnul
Zin
The Shining One

Shops:
D:1 *

Annotations:
D:9 3 runed translucent doors, beef's ghost, novice DjFE


Innate Abilities, Weirdness & Mutations

Your life essence is reduced to manifest your ancestor. (-10% HP)
You cannot be hasted, slowed, berserked, paralysed or teleported.
You can dig through walls and to a lower floor.
You have a pair of large antennae on your head. (SInv)
Your four strong arms can wield two-handed weapons with a shield.


Message History

The meliai stings you!
* * * LOW HITPOINT WARNING * * *
Unknown command.
You closely miss the meliai.
The meliai is severely wounded.
The meliai barely misses you. x2
Unknown command.
Unknown command.
You hit the meliai.
The meliai is severely wounded.
The meliai hits you but does no damage. You block the meliai's attack.
The meliai invokes the aid of its god against you.
Something smites you!
* * * LOW HITPOINT WARNING * * *
Unknown command.
Unknown command.
You miss the meliai.
The meliai is severely wounded.
The meliai hits you but does no damage.
The meliai stings you but does no damage.
Unknown command.
Aiming: Mindburst
Press: ? - help, Shift-Dir - straight line, f - meliai
Aim: a meliai, wielding a +1 war axe of holy wrath and wearing a +0 leather armour (severely wounded, ally target, chance to affect: 64%)
The meliai struggles to resist.
The meliai hits you with a +1 war axe of holy wrath.
* * * LOW HITPOINT WARNING * * *
The meliai stings you but does no damage.
The meliai hits you but does no damage.
The meliai stings you but does no damage.
Unknown command.
Okay, then.
You closely miss the meliai.
The meliai is severely wounded.
The meliai hits you with a +1 war axe of holy wrath.
* * * LOW HITPOINT WARNING * * *
The meliai stings you.
* * * LOW HITPOINT WARNING * * *
The meliai hits you with a +1 war axe of holy wrath.
You die...

.....# #.#
.....#########.#.#
##...........#.#.#
##...........#.#.#
#..†.........#.#.#
..#...........[#.#
>##..........###.#
.# ..........# #y#
.# ..........# #@#
.# #######'### #R#
.# #####.# #.# .#
#.....# #.# .###
#.#########.# ...#
#.##......#.# ...#
#.##.####.#.# ...#
#.##.####.#.# ...#
#....#....#.#


You could see the friendly Blaster McGee the battlemage and a meliai (ally
target).

Vanquished Creatures
  A two-headed ogre (D:8)
  A boulder beetle (D:11)
  Pikel (D:8)
  A cyclops (D:9)
  A manticore (D:11)
  2 meliai (D:11)
  Joseph (D:9)
  An unseen horror (D:11)
  2 rime drakes (D:8)
  A komodo dragon (D:10)
  4 trolls
  Prince Ribbit (D:7)
  Grinder (D:5)
  A meliai zombie (D:11)
  A shadow (D:9)
  2 wyverns
  11 yaks
  A wraith (D:10)
  Eustachio (D:5)
  2 vampire mosquitoes (D:10)
  Grum (D:9)
  Menkaure (D:6)
  A two-headed ogre zombie (D:11)
  2 water moccasins
  An ice beast (D:4)
  2 sky beasts
  An orc warrior (D:10)
  An ogre (D:6)
  3 wolves (D:9)
  9 centaurs
  2 kobold brigands
  Blork the orc (D:6)
  2 bullfrogs (D:8)
  A brain worm (Sewer)
  3 scorpions
  6 wights
  A spriggan zombie (D:11)
  5 killer bees
  An electric eel (D:11)
  A wolf zombie (D:11)
  A centaur zombie (D:11)
  4 hounds
  3 orc priests
  A bombardier beetle (D:4)
  A gnoll bouda (D:7)
  Crazy Yiuf (D:3)
  A sleepcap (D:5)
  An iguana (D:4)
  3 orc wizards
  2 killer bee zombies (D:11)
  2 gnolls (D:7)
  8 adders
  6 river rats
  A white imp (D:6)
  4 dart slugs
  7 ribbon worms
  13 orcs
  2 bat skeletons (D:9)
  2 bat zombies (D:9)
  3 endoplasms
  5 giant cockroaches
  6 goblins
  5 hobgoblins
  6 jackals
  3 quokkas
  7 ball pythons
  16 bats
  4 frilled lizards
  20 kobolds
  5 rats
225 creatures vanquished.

Vanquished Creatures (collateral kills)
  Gastronok (D:8)
  3 rime drakes (D:8)
  A harpy zombie (D:11)
  A troll (D:8)
  A hydra zombie (D:11)
  2 shadows (D:10)
  Sigmund (D:6)
  3 yaks
  An acid dragon (D:11)
  A black bear (D:7)
  An orc warrior (D:7)
  A sky beast (D:8)
  A laughing skull (D:11)
  An elephant zombie (D:11)
  2 wolves (D:11)
  A centaur (D:7)
  2 kobold brigands
  A bullfrog (D:9)
  A scorpion (D:5)
  3 wights
  9 killer bees
  A vampire bat (D:9)
  2 wolf zombies (D:11)
  3 electric eels (D:11)
  A jelly (D:5)
  4 hounds
  A sleepcap (D:5)
  An iguana (D:7)
  2 killer bee zombies (D:11)
  2 gnolls
  2 shadow imps (D:5)
  4 orcs
  A bat zombie (D:9)
  4 kobolds (D:7)
66 creatures vanquished.

Vanquished Creatures (others)
  4 battlemagi
  An ancestor (D:5)
5 creatures vanquished.

Grand Total: 296 creatures vanquished

Notes
Turn   | Place    | Note
-------+----------+-------------------------------------------
     0 | D:1      | Bnni the Formicid Fighter began the quest for the Orb.
     0 | D:1      | Reached XP level 1. HP: 18/18 MP: 1/1
    38 | D:1      | Found a faded altar of an unknown god.
    39 | D:1      | Noticed a great orb of eyes
    42 | D:1      | Noticed an eye of devastation
    42 | D:1      | Noticed a glass eye
    42 | D:1      | Noticed a glass eye
   445 | D:1      | Reached XP level 2. HP: 24/24 MP: 2/2
   515 | D:1      | Found Uneryip's General Store.
   544 | D:1      | Bought a scroll of identify for 26 gold pieces
   806 | D:2      | Reached XP level 3. HP: 30/30 MP: 3/3
   828 | D:2      | Reached skill level 3 in Polearms
  1540 | D:3      | Reached XP level 4. HP: 37/37 MP: 4/4
  1584 | D:3      | Reached skill level 4 in Polearms
  1591 | D:3      | Reached XP level 5. HP: 16/42 MP: 5/5
  1747 | D:3      | Found a glowing drain.
  1754 | Sewer    | Entered a sewer
  2067 | Sewer    | Noticed a brain worm
  2074 | Sewer    | Killed a brain worm
  2075 | Sewer    | Reached XP level 6. HP: 47/50 MP: 6/6
  2077 | Sewer    | Reached skill level 5 in Polearms
  2433 | D:3      | Reached skill level 5 in Fighting
  2790 | D:3      | Found a hazy altar of Hepliaklqana.
  2867 | D:3      | Became a worshipper of Hepliaklqana the Forgotten
  2896 | D:3      | Found a runed translucent door.
  2897 | D:3      | Noticed Crazy Yiuf
  2906 | D:3      | Killed Crazy Yiuf
  3225 | D:4      | Reached skill level 1 in Invocations
  3308 | D:4      | Reached XP level 7. HP: 54/56 MP: 6/8
  3342 | D:4      | Reached skill level 6 in Polearms
  3503 | D:4      | Reached XP level 8. HP: 57/64 MP: 10/10
  3977 | D:5      | Entered Level 5 of the Dungeon
  3997 | D:5      | Reached skill level 7 in Polearms
  4063 | D:5      | Reached * piety under Hepliaklqana
  4224 | D:5      | Noticed Eustachio
  4238 | D:5      | Killed Eustachio
  4687 | D:5      | Noticed a troll
  4701 | D:5      | Killed a troll
  4702 | D:5      | Reached skill level 8 in Polearms
  4702 | D:5      | Reached XP level 9. HP: 38/63 MP: 12/12
  4798 | D:5      | Identified a scroll of acquirement
  4891 | D:5      | Noticed Grinder
  4902 | D:5      | Killed Grinder
  4903 | D:5      | Reached skill level 5 in Invocations
  5245 | D:5      | Acquired a manual of Dodging
  5249 | D:6      | Found a hide-covered altar of Uskayaw.
  5258 | D:6      | Found a broken altar of Ashenzari.
  5325 | D:6      | Found a radiant altar of Vehumet.
  5347 | D:6      | Acquired the +1 pair of boots "Horecok" {Rampage Regen+
                  | SInv}
  5385 | D:6      | Acquired 823 gold pieces
  5390 | D:6      | Found a staircase to the Ecumenical Temple.
  5392 | D:6      | Reached ** piety under Hepliaklqana
  5504 | D:6      | Noticed Menkaure
  5514 | D:6      | Killed Menkaure
  5578 | D:6      | Remembered your ancestor Blaster McGee as a battlemage
  5613 | D:6      | Identified the +6 battleaxe of the Moon {venom, rPois}
  5621 | D:6      | Reached skill level 9 in Polearms
  5722 | D:6      | Found a glowing silver altar of Zin.
  5723 | D:6      | Acquired the +2 pair of boots of Beogh's Outrage {rC+
                  | Str+2}
  5915 | D:6      | Noticed Sigmund
  5919 | D:6      | Killed Sigmund
  5964 | D:6      | Noticed Blork the orc
  5969 | D:6      | Killed Blork the orc
  6138 | D:7      | Found an opulent altar of Gozag.
  6189 | D:7      | Found a sacrificial altar of Ru.
  6658 | D:7      | Noticed Prince Ribbit
  6665 | D:7      | Killed Prince Ribbit
  6666 | D:7      | Reached XP level 10. HP: 72/72 MP: 13/15
  6724 | D:7      | Reached skill level 10 in Polearms
  7324 | D:8      | Noticed Gastronok
  7336 | D:8      | Killed Gastronok
  7337 | D:8      | Reached skill level 11 in Polearms
  7377 | D:8      | Noticed a two-headed ogre
  7381 | D:8      | Killed a two-headed ogre
  7382 | D:8      | Reached XP level 11. HP: 36/80 MP: 17/17
  7393 | D:8      | Noticed Pikel
  7426 | D:8      | Killed Pikel
  7726 | D:8      | Found the +4 skin of Zhor {*Englaciate rC+++ SInv}
  7764 | D:8      | Reached skill level 12 in Polearms
  7773 | D:8      | Reached skill level 10 in Fighting
  8022 | D:8      | Found a basalt altar of Yredelemnul.
  8022 | D:8      | Found a glowing golden altar of the Shining One.
  8025 | D:8      | Noticed an angel
  8116 | D:8      | Reached *** piety under Hepliaklqana
  8431 | D:8      | Noticed a profane servitor
  8581 | D:9      | Noticed Grum
  8589 | D:9      | Killed Grum
  8850 | D:9      | Found a shadowy altar of Dithmenos.
  8938 | D:9      | Noticed a cyclops
  8941 | D:9      | Reached skill level 10 in Invocations
  8944 | D:9      | Noticed Joseph
  8947 | D:9      | Killed a cyclops
  8948 | D:9      | Reached skill level 13 in Polearms
  8987 | D:9      | Killed Joseph
  8988 | D:9      | Reached XP level 12. HP: 83/89 MP: 19/19
  9090 | D:9      | Acquired a manual of Polearms
  9189 | D:9      | Found a sparkling altar of Nemelex Xobeh.
  9231 | D:9      | Found a runed translucent gate.
  9231 | D:9      | Found a runed translucent gate.
  9231 | D:9      | Found a runed translucent gate.
  9232 | D:9      | Noticed a ten-headed hydra
  9233 | D:9      | Noticed beef's ghost (novice DjFE)
  9233 | D:9      | Noticed a ten-headed hydra
  9234 | D:9      | Identified the +7 short sword of Gedicur {heavy, rElec
                  | Int+4}
  9369 | D:9      | Found an ancient bone altar of Kikubaaqudgha.
  9494 | D:10     | Entered Level 10 of the Dungeon
  9602 | D:10     | Found a shimmering blue altar of Sif Muna.
  9729 | D:10     | Reached skill level 14 in Polearms
 10085 | D:10     | Reached **** piety under Hepliaklqana
 10654 | D:11     | Noticed a boulder beetle
 10785 | D:11     | Found a staircase to the Lair.
 10806 | D:11     | Killed a boulder beetle
 10887 | D:11     | Reached skill level 15 in Polearms
 10943 | D:11     | Found a basalt altar of Yredelemnul.
 11141 | D:11     | HP: 2/91 [meliai/+1 war axe of holy wrath (6)]
 11141 | D:11     | Slain by a meliai

Illustrated notes

Levels and vault maps discovered:
D:1:      eino_arrival_water_star, layout_basic,
          hellmonk_ecumenical_altar_watching_god, serial_shops, shop
D:2:      layout_loops_ring
D:3:      layout_loops_ring, general_overflow_altar, lightli_sewer_entry_pipes,
          uniq_crazy_yiuf_cottage
D:4:      layout_cave_pools
D:5:      layout_basic, serial_bayou_ford_a, kennysheep_generic_room_9,
          uniq_eustachio, uniq_grinder
D:6:      layout_gridville, lemuel_doored_altar, nicolae_uskayaw_suspiria,
          mainiacjoe_overflow_large_starburst, minmay_temple_entry_trees,
          uniq_sigmund, uniq_blork_the_orc, uniq_menkaure
D:7:      layout_loops_ring, lemuel_crystal_altar, amcnicky_altar_gilded,
          minmay_manual_mares, uniq_prince_ribbit1
D:8:      layout_loops_ring, grunt_temple_overflow_holy_war,
          hellmonk_guarded_unrand_zhor, uniq_gastronok, uniq_pikel
D:9:      layout_small_grid, mainiacjoe_overflow_concentric_impassable,
          kennysheep_vampire_church, nemelex_diamond_rough_becter,
          gammafunk_ghost_hydra_chop, uniq_grum, uniq_joseph
D:10:     layout_stronghold, led_sif_pool
D:11:     layout_basic, erik_lair_island, roadster_capsule_ark_zombie

Skill      XL: |  1  2  3  4  5  6  7  8  9 10 11 12 |
---------------+-------------------------------------+-----
Polearms       | 3 4 5 6 8 9 11 13 15 | 15.7
Fighting       | 4 5 6 8 9 10 11 | 11.8
Invocations    | 1 3 4 6 8 10 11 | 11.5
Armour         | |  3.2
Shields        | |  4.0

Action                     |  1- 3 |  4- 6 |  7- 9 | 10-12 || total
---------------------------+-------+-------+-------+-------++-------
  Melee: Trident           |    97 |   281 |   268 |       ||   646
         Halberd           |       |       |     6 |   381 ||   387
  Throw: Dart              |       |       |     3 |    16 ||    19
 Invoke: Ancestor Identity |       |       |     1 |       ||     1
         Ancestor Life: Ba |       |       |     1 |       ||     1
         Recall Ancestor   |       |       |       |     1 ||     1
Ability: Dig               |       |       |       |     2 ||     2
  Evoke: Wand              |       |       |       |     6 ||     6
    Use: Scroll            |     2 |     5 |     6 |     4 ||    17
         Potion            |       |     2 |       |     4 ||     6
   Stab: Distracted        |       |       |     1 |     8 ||     9
         Sleeping          |       |       |       |     1 ||     1
 Armour: Scale mail        |    44 |       |       |       ||    44
         Plate armour      |    18 |   177 |   166 |   183 ||   544
         Skin              |       |    29 |     2 |       ||    31
         Animal skin       |       |       |       |     8 ||     8
         Crystal plate arm |       |       |       |   197 ||   197
  Dodge: Dodged            |    37 |    67 |    39 |    99 ||   242
  Block: Buckler           |    24 |    53 |    54 |    87 ||   218
